 Dungeon Crawl Stone Soup version 0.17.1-3-g152610e (webtiles) character file.

276 kaze the Shield-Bearer (level 6, 0/49 HPs)
             Began as a Demonspawn Fighter on Apr 14, 2016.
             Killed from afar by an orc wizard (8 damage)
             ... with a puff of frost
             ... on level 3 of the Dungeon.
             The game lasted 00:04:18 (2773 turns).

kaze the Shield-Bearer (Demonspawn Fighter)         Turns: 2773, Time: 00:04:18

Health: 0/49       AC:  8    Str: 19    XL:     6   Next: 4%
Magic:  6/6        EV:  8    Int:  9    God:
Gold:   106        SH:  9    Dex: 12    Spells: 0 memorised, 5 levels left

rFire  . . .     SeeInvis .     a - +0 trident
rCold  . . .     Clarity  .     b - +0 scale mail
rNeg   . . .     SustAt   .     c - +0 shield
rPois  +         Gourm    .     (no helmet)
rElec  .         Spirit   .     (no cloak)
rCorr  .         Warding  .     (no gloves)
rMut   .         Stasis   .     (no boots)
MR     .....                    (no amulet)
Stlth  ..........               (no ring)
                                h - ring of poison resistance

@: not resistant to hostile enchantments, extremely unstealthy
A: rugged brown scales 2, spiny 1
a: no special abilities


You were on level 3 of the Dungeon.
You were not hungry.

You visited 1 branch of the dungeon, and saw 3 of its levels.

You collected 106 gold pieces.

Inventory:

Hand Weapons
 a - a +0 trident (weapon)
Missiles
 k - 11 poisoned needles
 t - 8 tomahawks
 u - 3 javelins (quivered)
Armour
 b - a +0 scale mail (worn)
 c - a +0 shield (worn)
Jewellery
 h - a ring of poison resistance (left hand)
Scrolls
 g - a scroll of identify
 j - a scroll of noise {unknown}
 m - a scroll of fear
 q - a scroll of blinking {unknown}
 r - a scroll of fog {unknown}
 s - a scroll of magic mapping {unknown}
Potions
 d - a potion of degeneration {unknown}
 f - 3 potions of heal wounds {unknown}
 l - 2 potions of haste {unknown}
 n - 2 potions of curing {unknown}
 o - a potion of resistance {unknown}
Comestibles
 e - 2 bread rations
 i - a slice of pizza
 p - a royal jelly


   Skills:
 + Level 3.6 Fighting
 + Level 2.3 Polearms
 + Level 3.5 Armour
 + Level 2.8 Dodging
 + Level 0.4 Stealth
 + Level 4.0 Shields


You had 5 spell levels left.
You didn't know any spells.

Dungeon Overview and Level Annotations

Branches:
Dungeon (3/15)

Altars:


Innate Abilities, Weirdness & Mutations

You are mostly covered in rugged brown scales (AC +2, +5% HP).
You are partially covered in sharp spines.


Message History

The tomahawk of returning hits you but does no damage.
The weapon returns to the orc!
The orc priest mumbles some strange prayers to Beogh against you.
Something smites you!
* * * LOW HITPOINT WARNING * * *
The orc wizard casts a spell at you. The magic dart hits you!
* * * LOW HITPOINT WARNING * * *
Unknown command.
You are too injured to fight recklessly!
Unknown command.
You are too injured to fight recklessly!
You are too injured to fight recklessly!
You are too injured to fight recklessly!
Unknown command.
Unknown command.
You are too injured to fight recklessly!
The orc wizard gestures at you while chanting.
The puff of frost hits you!
You die...

# #... #. ... ###.#.######..# .
......o))oo.... <..#.#o#### ...
.........o.# ... #####.#.##.#
... ######### #.#.##.# #.#
........# #.#.##@#.. #.#
........###......#.. #.#
........'.....####... #.#
........###..#####...#########.#
........#
#..................))##
........#
##.#####...#.###.....##
........# #.....................
........# ####..................
........# #.###.#..###.###..#


You could see an orc wizard.

Vanquished Creatures
  Sigmund (D:2)
  An orc priest (D:3)
  An adder (D:2)
  A giant gecko (D:3)
  6 orcs (D:3)
  5 giant cockroaches
  7 goblins
  8 hobgoblins
  11 jackals
  7 kobolds
  A quokka (D:2)
  10 bats
  2 giant newts
  6 rats
67 creatures vanquished.

Notes
Turn   | Place    | Note
--------------------------------------------------------------
     0 | D:1      | kaze the Demonspawn Fighter began the quest for the Orb.
     0 | D:1      | Reached XP level 1. HP: 18/18 MP: 1/1
   213 | D:1      | Gained mutation: You are partially covered in rugged brown scales (AC +1, +3% HP). [demonic ancestry]
   213 | D:1      | Reached XP level 2. HP: 18/24 MP: 2/2
  1167 | D:2      | Reached XP level 3. HP: 29/29 MP: 3/3
  1299 | D:2      | Reached skill level 1 in Dodging
  1696 | D:2      | Noticed Sigmund
  1710 | D:2      | Killed Sigmund
  1710 | D:2      | Reached XP level 4. HP: 14/37 MP: 4/4
  1710 | D:2      | Gained mutation: You are partially covered in sharp spines. [demonic ancestry]
  1710 | D:2      | Reached XP level 5. HP: 15/42 MP: 5/5
  2432 | D:3      | Gained mutation: You are mostly covered in rugged brown scales (AC +2, +5% HP). [demonic ancestry]
  2432 | D:3      | Reached XP level 6. HP: 25/49 MP: 6/6
  2762 | D:3      | Reached skill level 4 in Shields
  2773 | D:3      | Killed from afar by an orc wizard

Action                   |  1- 3 |  4- 6 || total
-------------------------+-------+-------++-------
Melee: Trident           |   156 |    60 ||   216
Throw: Javelin           |       |     5 ||     5
       Tomahawk          |       |     1 ||     1
  Use: Scroll            |     5 |       ||     5
       Potion            |     1 |       ||     1
  Eat: Chunk             |     2 |       ||     2
       Bread ration      |       |     1 ||     1
